 Dungeon Crawl Stone Soup version 0.31-a0-202-g547052bce9 (webtiles) character file.

Game seed: 16231289293395147201

508 qw the Skirmisher (level 6, 0/35 HPs)
             Began as a Deep Elf Hunter on June 26, 2023.
             Slain by a black bear (6 damage)
             ... on level 4 of the Dungeon.
             The game lasted 00:01:11 (2541 turns).

qw the Skirmisher (Deep Elf Hunter)                 Turns: 2541, Time: 00:01:11

Health: 0/35       AC:  6    Str: 10    XL:     6   Next: 98%
Magic:  8/8        EV: 11    Int: 14    God:
Gold:   170        SH:  0    Dex: 18    Spells: 5/5 levels left

rFire   . . .        Y - +2 shortbow (flame)
rCold   + . .        (shield currently unavailable)
rNeg    . . .        e - +0 ring mail
rPois   .            (no helmet)
rElec   .            c - +0 cloak
rCorr   .            (no gloves)
SInv    .            (no boots)
Will    .....        g - amulet of regeneration
Stlth   +            d - ring of protection from cold
HPRegen 1.05/turn    (no ring)
MPRegen 0.11/turn

%: no passive effects
@: no status effects
A: no striking features
a: no special abilities


You were on level 4 of the Dungeon.
You visited 1 branch of the dungeon, and saw 4 of its levels.

You collected 170 gold pieces.


   Skills:
 - Level 2.2 Fighting
 + Level 10.2 Ranged Weapons
 - Level 1.0 Armour
 - Level 3.1 Dodging
 - Level 1.2 Stealth


You had 5 spell levels left.
You didn't know any spells.
Your spell library was empty.

Inventory:

Hand Weapons
 Y - a +2 shortbow of flaming (weapon)
Armour
 c - a +0 cloak (worn)
 e - a +0 ring mail (worn)
 m - a +1 helmet
Jewellery
 d - a ring of protection from cold (left hand)
 g - an amulet of regeneration (around neck)
Scrolls
 f - 3 scrolls of identify
 h - a scroll of amnesia {unknown}
 j - a scroll of vulnerability {unknown}
Potions
 a - a potion of degeneration {unknown}
 b - a potion of curing
 i - a potion of might {unknown}
 k - a potion of enlightenment {unknown}
 l - a potion of haste {unknown}

Dungeon Overview and Level Annotations

Branches:
Dungeon (4/15)
 Temple: D:4-7

Altars:

Shops:
D:1 (

Annotations:
D:2 1 runed translucent door, Crazy Yiuf
D:4 Duvessa


Message History

You shoot an arrow. The arrow barely misses Duvessa.
You shoot an arrow.
The arrow hits Duvessa but does no damage.
Duvessa is heavily wounded.
You shoot an arrow.
The arrow hits Duvessa but does no damage.
Duvessa is heavily wounded.
Duvessa drinks a potion.
Duvessa goes berserk!
You shoot an arrow. The arrow hits Duvessa.
The arrow burns Duvessa.
Duvessa is severely wounded.
Duvessa hits you with a +0 short sword. x2
You shoot an arrow. The arrow barely misses Duvessa.
Duvessa hits you with a +0 short sword! The orc barely misses you.
You shoot an arrow.
The arrow hits Duvessa but does no damage.
Duvessa is heavily wounded.
Duvessa hits you with a +0 short sword!
The orc hits you with a +2 dagger of flaming.
The orc burns you. Duvessa closely misses you.
You shoot an arrow. The arrow barely misses Duvessa.
The arrow hits the black bear.
The arrow burns the black bear.
The black bear is moderately wounded.
Duvessa completely misses you. The orc completely misses you.
You shoot an arrow. The arrow hits Duvessa!
The arrow burns Duvessa.
Duvessa is almost dead.
Duvessa hits you with a +0 short sword.
The orc hits you with a +2 dagger of flaming.
The orc burns you. Duvessa completely misses you.
You shoot an arrow.
The arrow hits Duvessa but does no damage.
Duvessa is almost dead.
Duvessa closely misses you.
You shoot an arrow. The arrow hits Duvessa.
The arrow burns Duvessa.
Duvessa is almost dead.
Duvessa hits you but does no damage. Duvessa hits you with a +0 short sword.
You shoot an arrow.
The arrow hits Duvessa but does no damage.
Duvessa is almost dead.
The black bear bites you.
You die...

>....................%.......'...
......#####..........#...#...###.
......# #..........#...#...# #.
......# #..........#...#...# #.
......################..)#######.
.....................+...+...)...
.....########.....####...####....
#.... #.)...######## #.##. #....
#...@....# #.##. #.... ####eh...#
#.... #.... oo.)..# ##### #....
.......# #. #.... ........# #.
.........# #. ..........# ##
............


You could see Duvessa (berserk), a black bear and 2 orcs.

Vanquished Creatures
  Sigmund (D:3)
  3 orc priests
  A hound (D:4)
  Jessica (D:2)
  An orc wizard (D:3)
  4 gnolls
  3 adders
  An ufetubus (D:2)
  A worm (D:2)
  2 dart slugs (D:2)
  9 orcs
  7 ball pythons
  5 bats
  9 endoplasms
  3 giant cockroaches (D:3)
  4 goblins
  12 hobgoblins
  4 jackals (D:1)
  A quokka (D:1)
  A frilled lizard (D:3)
  9 kobolds
  6 rats
88 creatures vanquished.

Notes
Turn   | Place    | Note
-------+----------+-------------------------------------------
     0 | D:1      | qw the Deep Elf Hunter began the quest for the Orb.
     0 | D:1      | Reached XP level 1. HP: 12/12 MP: 3/3
     0 | D:1      | 0 ||| qw: Version: 0.3-a-22-g0ed2b0b
     0 | D:1      | 0 ||| qw: Game counter: 6081
     0 | D:1      | 0 ||| qw: Melee chars always use a shield: true
     0 | D:1      | 0 ||| qw: God list: Okawaru
     0 | D:1      | 0 ||| qw: Allow faded altars: false
     0 | D:1      | 0 ||| qw: Do Orc after clearing Dungeon:15 true
     0 | D:1      | 0 ||| qw: Do second Lair branch before Depths: true
     0 | D:1      | 0 ||| qw: Lair rune preference: random
     0 | D:1      | 0 ||| qw: Goals: Normal
     0 | D:1      | 0 ||| PLANNING D:1-11
   149 | D:1      | Reached skill level 6 in Ranged Weapons
   149 | D:1      | Reached XP level 2. HP: 16/16 MP: 4/4
   159 | D:1      | 159 ||| FLEEEEING.
   262 | D:1      | Found Voll's Antique Weapon Shop.
   490 | D:1      | Reached XP level 3. HP: 20/20 MP: 5/5
   525 | D:1      | Found a faded altar of an unknown god.
   680 | D:1      | 680 ||| UPGRADING to +0 ring mail.
   690 | D:1      | 690 ||| DROPPING +0 leather armour.
   691 | D:1      | 691 ||| UPGRADING to ring of protection from cold.
   692 | D:1      | 692 ||| READING scroll labelled SAIGOQ NOAGHEALOD.
   693 | D:1      | 693 ||| DRINKING 2 red potions.
   694 | D:1      | 694 ||| DROPPING scroll of butterflies.
   736 | D:2      | Noticed Jessica
   738 | D:2      | Killed Jessica
   739 | D:2      | Reached skill level 7 in Ranged Weapons
   739 | D:2      | Reached XP level 4. HP: 25/25 MP: 6/6
   783 | D:2      | 783 ||| FLEEEEING.
   871 | D:2      | 871 ||| FLEEEEING.
  1085 | D:2      | Found a runed translucent door.
  1086 | D:2      | Noticed Crazy Yiuf
  1194 | D:2      | Reached skill level 8 in Ranged Weapons
  1305 | D:2      | 1305 ||| UPGRADING to +0 cloak.
  1310 | D:2      | 1310 ||| READING scroll labelled ZAYCOA ITUDIUWK.
  1310 | D:2      | Identified a scroll of acquirement
  1310 | D:2      | 1310 ||| ACQUIRING +2 shortbow of flaming
  1310 | D:2      | Acquired a +2 shortbow of flaming
  1312 | D:2      | 1312 ||| SWAPPING to +2 shortbow of flaming.
  1313 | D:2      | 1313 ||| DROPPING +0 shortbow.
  1314 | D:2      | 1314 ||| READING scroll labelled OQUFUU DONI.
  1315 | D:2      | 1315 ||| READING scroll labelled FOCWENWOSERA.
  1316 | D:2      | 1316 ||| READING scroll labelled SEOPUXARRI.
  1317 | D:2      | 1317 ||| READING 2 scrolls labelled UMIOTS WACRISY.
  1318 | D:2      | 1318 ||| DROPPING scroll of blinking.
  1352 | D:3      | 1352 ||| FLEEEEING.
  1354 | D:3      | 1354 ||| FLEEEEING.
  1355 | D:3      | 1355 ||| FLEEEEING.
  1356 | D:3      | 1356 ||| FLEEEEING.
  1357 | D:3      | 1357 ||| FLEEEEING.
  1358 | D:3      | 1358 ||| STAIRDANCE
  1389 | D:3      | 1389 ||| STAIRDANCE
  1401 | D:3      | Reached XP level 5. HP: 29/29 MP: 7/7
  1432 | D:3      | HP: 7/29 [something/puff of flame (6)]
  1436 | D:3      | HP: 3/29 [something (4)]
  1438 | D:3      | 1438 ||| DRINKING potion of curing.
  1438 | D:3      | 1438 ||| (to cure confusion)
  1560 | D:3      | Noticed Sigmund
  1564 | D:3      | Killed Sigmund
  1565 | D:3      | Reached skill level 10 in Ranged Weapons
  1565 | D:3      | Reached XP level 6. HP: 34/34 MP: 8/8
  2240 | D:3      | 2240 ||| UPGRADING to amulet of regeneration.
  2245 | D:3      | 2245 ||| READING 3 scrolls labelled BEEL DOF FOIFEIDU.
  2246 | D:3      | 2246 ||| DROPPING 2 scrolls of immolation.
  2277 | D:4      | Reached skill level 3 in Dodging
  2452 | D:4      | Reached skill level 1 in Armour
  2527 | D:4      | Noticed Duvessa
  2538 | D:4      | HP: 7/35 [orc/+2 dagger of flaming (2)]
  2541 | D:4      | Slain by a black bear

Levels and vault maps discovered:
D:1:      sevenhm_arrival_forest_fort_small_4, layout_basic, serial_shops,
          nicolae_shop_statue_plus, shapermc_ecumenical_altar_mp_highgroup
D:2:      layout_rooms, nicolae_titane, uniq_crazy_yiuf_cottage, uniq_jessica
D:3:      layout_basic, serial_curves, eino_curves_01, eino_curves_01,
          lightli_corner_chamber, uniq_sigmund
D:4:      layout_basic, nicolae_sif_muna_little_library,
          mainiacjoe_overflow_surrounded_room, uniq_duvessa

Skill      XL: |  1  2  3  4  5  6 |
---------------+-------------------+-----
Ranged Weapons | 6 7 8 10 | 10.2
Fighting       | 2 |  2.2
Dodging        | 3 |  3.1
Armour         | 1 |  1.0
Stealth        | |  1.2

Action                     |  1- 3 |  4- 6 || total
---------------------------+-------+-------++-------
   Fire: Shortbow          |    55 |   193 ||   248
    Use: Scroll            |     1 |     6 ||     7
         Potion            |     1 |     1 ||     2
 Armour: Leather armour    |     4 |       ||     4
         Ring mail         |       |    22 ||    22
  Dodge: Dodged            |    13 |    26 ||    39

Table legend:
 A = Non-vault XP
 B = Vault XP
 C = Vault XP percentage of total XP
 D = Non-vault monster count
 E = Vault monster count
 F = Vault count percentage of total count
                 A         B        C        D         E       F
            +---------+---------+-------+---------+---------+-------
      Total |     451 |     276 |  38.0 |      86 |       2 |   2.3
            +---------+---------+-------+---------+---------+-------
        D:1 |      58 |       0 |   0.0 |      26 |       0 |   0.0
        D:2 |      58 |      37 |  38.9 |      18 |       1 |   5.3
        D:3 |     167 |     239 |  58.9 |      27 |       1 |   3.6
        D:4 |     168 |       0 |   0.0 |      15 |       0 |   0.0
            +---------+---------+-------+---------+---------+-------
